 Dungeon Crawl Stone Soup version 0.29.0 (webtiles) character file.

Game seed: 10754110660030000082

512 baikai the Shield-Bearer (level 7, -1/56 HPs)
             Began as a Formicid Fighter on Aug 24, 2022.
             Slain by Pikel
             ... wielding a +2 whip of flaming
              (7 damage)
             ... on level 6 of the Dungeon.
             The game lasted 00:12:43 (3982 turns).

baikai the Shield-Bearer (Formicid Fighter)         Turns: 3982, Time: 00:12:44

Health: -1/56      AC: 18    Str: 23    XL:     7   Next: 43%
Magic:  7/7        EV: 10    Int:  7    God:
Gold:   120        SH: 10    Dex: 13    Spells: 6/6 levels left

rFire   . . .      SeeInvis +   q - +2 whip (flame)
rCold   . . .      Faith    .   c - +0 buckler
rNeg    . . .      Spirit   .   t - +0 plate armour
rPois   .          Reflect  +   (helmet unavailable)
rElec   .          Harm     .   a - +2 cloak
rCorr   .          Rampage  .   D - +0 pair of gloves
Will    .....                   u - +0 pair of boots
Stlth   ..........              l - amulet of reflection
HPRegen 0.18/turn               v - +4 ring of evasion
MPRegen 0.10/turn               (no ring)

@: no status effects
A: permanent stasis, dig shafts and tunnels, antennae 3, four strong arms
a: Dig, Shaft Self


You were on level 6 of the Dungeon.
You visited 1 branch of the dungeon, and saw 5 of its levels.

You collected 120 gold pieces.

Inventory:

Hand Weapons
 q - a +2 whip of flaming (weapon)
 A - a +2 quarterstaff of chaos
Armour
 a - a +2 cloak (worn)
 c - a +0 buckler (worn)
 t - a +0 plate armour (worn)
 u - a +0 pair of boots (worn)
 D - a +0 pair of gloves (worn)
Jewellery
 l - an amulet of reflection (around neck)
 v - a +4 ring of evasion (left hand)
 z - a ring of flight
Wands
 y - a wand of digging (5)
 B - a wand of iceblast (9)
Scrolls
 f - a scroll of teleportation {unknown}
 j - a scroll of poison {unknown}
 m - 4 scrolls of fog
 n - 3 scrolls of identify
 o - a scroll of noise {unknown}
 p - a scroll of vulnerability {unknown}
 w - 3 scrolls of amnesia
Potions
 b - a potion of magic {unknown}
 d - a potion of might
 e - 2 potions of attraction {unknown}
 g - 3 potions of curing {unknown}
 h - a potion of heal wounds {unknown}
 i - a potion of mutation {unknown}
 k - 2 potions of degeneration {unknown}
 r - 3 potions of lignification {unknown}
 s - a potion of haste {unknown}
 x - a potion of cancellation {unknown}
 C - a potion of flight {unknown}


   Skills:
 + Level 5.1 Fighting
 - Level 2.6(3.3) Axes
 + Level 3.0(3.5) Maces & Flails
 + Level 5.1 Armour
 + Level 6.3 Shields


You had 6 spell levels left.
You didn't know any spells.
Your spell library contained the following spells:

 Spells                   Type           Power      Damage    Failure   Level
 Lesser Beckoning         Tloc           0%         N/A       100%        3
 Manifold Assault         Tloc           0%         N/A       100%        5
 Blink                    Tloc           Unusable   N/A       N/A         2

Dungeon Overview and Level Annotations

Branches:
Dungeon (6/15)
 Temple: D:4-7

Altars:

Annotations:
D:6 Pikel


Innate Abilities, Weirdness & Mutations

You cannot be hasted, slowed, berserked, paralysed or teleported.
You can dig through walls and to a lower floor.
You have a pair of large antennae on your head. (SInv)
Your four strong arms can wield two-handed weapons with a shield.


Message History

Pikel is severely wounded.
Pikel hits you with a +2 whip of flaming!
Pikel burns you. You block the lemure's attack.
You hit Pikel but do no damage.
Pikel is severely wounded.
Pikel says, "Hell isn't that bad."
Pikel closely misses you. The lemure hits you but does no damage.
You hit Pikel but do no damage.
Pikel is severely wounded.
Pikel hits you with a +2 whip of flaming.
Pikel burns you.
* * * LOW HITPOINT WARNING * * *
The lemure hits you but does no damage.
You miss Pikel.
Pikel is severely wounded.
Pikel misses you. The lemure hits you but does no damage.
You barely miss Pikel.
Pikel is severely wounded.
Pikel hits you but does no damage. You block the lemure's attack.
You hit Pikel. You burn Pikel.
Pikel is severely wounded.
Pikel barely misses you. You block the lemure's attack.
You hit Pikel. You burn Pikel.
Pikel is almost dead.
You block Pikel's attack. You block the lemure's attack.
You hit Pikel but do no damage.
Pikel is almost dead.
Pikel hits you but does no damage. The lemure barely misses you.
You barely miss Pikel.
Pikel is almost dead.
Pikel hits you with a +2 whip of flaming.
* * * LOW HITPOINT WARNING * * *
Pikel burns you.
* * * LOW HITPOINT WARNING * * *
You block the lemure's attack.
You closely miss the lemure. You block the lemure's attack.
Pikel hits you but does no damage.
You hit the lemure but do no damage. The lemure barely misses you.
Pikel hits you with a +2 whip of flaming!
You die...

#### ##... #..# {
###########.#
#..........>#
#.#########.# {
###.#########.###
{
#......#......5@#{
{
#......#.####.#K#
#### #.....[#.#
#.#5# ....
#......#.# #.#5#
..... ####.####.#
#.#S# .....
.....####.##
#.#5#......
######.....#
#.#.#......
...........#
#.#........
######.....#
#.#.#######


You could see Pikel, 4 lemures and an adder.

Vanquished Creatures
  Prince Ribbit (D:6)
  A scorpion (D:6)
  A jelly (D:3)
  Crazy Yiuf (D:2)
  Natasha (thrice) (D:2)
  5 adders
  A white imp (D:6)
  A worm (D:2)
  4 dart slugs
  6 bats
  11 endoplasms
  A giant cockroach (D:3)
  3 goblins
  3 hobgoblins
  3 quokkas
  6 ball pythons
  3 frilled lizards
  5 kobolds
  7 rats
66 creatures vanquished.

Vanquished Creatures (others)
  A kobold (D:3)
1 creature vanquished.

Grand Total: 67 creatures vanquished

Notes
Turn   | Place    | Note
-------+----------+-------------------------------------------
     0 | D:1      | baikai the Formicid Fighter began the quest for the Orb.
     0 | D:1      | Reached XP level 1. HP: 18/18 MP: 1/1
   190 | D:1      | Reached XP level 2. HP: 22/24 MP: 2/2
   685 | D:1      | Reached XP level 3. HP: 23/29 MP: 3/3
  1655 | D:2      | Reached XP level 4. HP: 37/37 MP: 4/4
  1853 | D:2      | Noticed Natasha
  1873 | D:2      | Killed Natasha
  1874 | D:2      | Reached skill level 1 in Maces & Flails
  1879 | D:2      | Reached skill level 5 in Shields
  2130 | D:2      | Reached XP level 5. HP: 42/42 MP: 5/5
  2143 | D:2      | Found a runed translucent door.
  2144 | D:2      | Noticed Crazy Yiuf
  2318 | D:2      | Noticed Natasha
  2330 | D:2      | Killed Natasha
  2502 | D:2      | Noticed Natasha
  2511 | D:2      | Killed Natasha
  2627 | D:2      | Killed Crazy Yiuf
  2824 | D:3      | Reached XP level 6. HP: 39/49 MP: 6/6
  3598 | D:4      | You fall into a shaft and drop 2 floors!
  3658 | D:6      | Noticed Prince Ribbit
  3679 | D:6      | Killed Prince Ribbit
  3680 | D:6      | Reached skill level 5 in Fighting
  3680 | D:6      | Reached skill level 6 in Shields
  3680 | D:6      | Reached XP level 7. HP: 17/56 MP: 7/7
  3683 | D:6      | Reached skill level 5 in Armour
  3935 | D:6      | Noticed Pikel
  3982 | D:6      | Slain by Pikel

Illustrated notes

Levels and vault maps discovered:
D:1:      onia_arrival_pentagram, layout_basic, serial_co_window_serial,
          co_window_paths_b, co_window_paths_b, co_window_paths_a,
          co_window_paths_a, co_window_paths_b, co_window_corner_a,
          co_window_of_opportunity_a, co_window_broadway_b, co_window_corner_b,
          co_window_2corner, co_window_2corner, co_window_corner_b,
          glass_columns_b
D:2:      layout_basic, uniq_natasha, uniq_crazy_yiuf_cottage
D:3:      layout_basic
D:4:      layout_basic, minmay_temple_entry_poolview, minivault_4,
          due_unseen_surprise
D:6:      minmay_clustersquares, layout_basic, serial_shops, shop,
          uniq_prince_ribbit1, uniq_pikel

Skill      XL: |  1  2  3  4  5  6  7 |
---------------+----------------------+-----
Maces & Flails | 1 2 3 |  3.0
Fighting       | 4 5 |  5.1
Shields        | 5 6 |  6.3
Armour         | 4 5 |  5.1
Axes           | |  2.6

Action                   |  1- 3 |  4- 6 |  7- 9 || total
-------------------------+-------+-------+-------++-------
Melee: War axe           |    66 |       |       ||    66
       Whip              |     9 |   139 |    37 ||   185
  Use: Scroll            |     1 |     1 |       ||     2
Armor: Scale mail        |    22 |       |       ||    22
       Plate armour      |     1 |    46 |    18 ||    65
Dodge: Dodged            |    21 |    49 |    10 ||    80
Block: Buckler           |    35 |    68 |    28 ||   131
       Reflection        |     3 |     2 |       ||     5
